 Dungeon Crawl Stone Soup version 0.28-a0-657-g71136c5590 (webtiles) character file.

Game seed: 1113003537602038869

112 GordonOverkill the Skirmisher (level 4, -1/38 HPs)
             Began as a Draconian Arcane Marksman on Oct 13, 2021.
             Was a Believer of Nemelex Xobeh.
             Slain by a black bear (3 damage)
             ... on level 3 of the Dungeon.
             The game lasted 00:06:27 (3663 turns).

GordonOverkill the Skirmisher (DrAM)                Turns: 3663, Time: 00:06:28

Health: -1/38      AC:  5    Str: 13    XL:     4   Next: 63%
Magic:  5/5        EV: 12    Int: 14    God:    Nemelex Xobeh [**....]
Gold:   42         SH:  0    Dex: 11    Spells: 5/5 levels left

rFire   . . .      SeeInvis .   g - +0 hand axe
rCold   . . .      Faith    .   (no shield)
rNeg    . . .      Spirit   .   (armour unavailable)
rPois   .          Reflect  .   (helmet restricted)
rElec   .          Harm     .   (no cloak)
rCorr   .          Rampage  .   (no gloves)
Will    .....                   (no boots)
Stlth   +.........              (no amulet)
HPRegen 0.12/turn               (no ring)
MPRegen 0.09/turn               (no ring)

@: hasted, very quick
A: AC +5, unfitting armour, cold-blooded
a: Renounce Religion, Draw Escape, Draw Destruction, Draw Summoning


You were on level 3 of the Dungeon.
You worshipped Nemelex Xobeh.
Nemelex Xobeh was pleased with you.
You visited 1 branch of the dungeon, and saw 4 of its levels.

You collected 42 gold pieces.

Inventory:

Hand Weapons
 e - a +1 antimagic spear
 g - a +0 hand axe (weapon)
Missiles
 c - 3 silver boomerangs (quivered)
Scrolls
 d - a scroll of vulnerability
 f - a scroll of fog
 h - a scroll of blinking
Potions
 i - a potion of magic
 k - a potion of flight


   Skills:
 + Level 3.1 Fighting
 + Level 0.4 Axes
 + Level 3.1 Throwing
 - Level 1.7 Dodging
 - Level 1.0 Spellcasting
 - Level 2.6 Hexes
 + Level 1.9 Invocations


You had 5 spell levels left.
You didn't know any spells.
Your spell library contained the following spells:

 Spells                   Type           Power      Damage    Failure   Level
 Slow                     Hex            8%         N/A       13%         2
 Inner Flame              Hex/Fire       4%         N/A       41%         3
 Portal Projectile        Hex/Tloc       8%         N/A       41%         3
 Cause Fear               Hex            4%         N/A       65%         4


Dungeon Overview and Level Annotations

Branches:
Dungeon (4/15)
 Temple: D:4-7

Altars:
Nemelex Xobeh


Innate Abilities, Weirdness & Mutations

Your plain brown scales are hard. (AC +5)
You cannot fit into any form of body armour.
You are cold-blooded and may be slowed by cold attacks.


Message History

The black bear goes berserk!
The black bear barely misses you. The black bear claws you.
The black bear completely misses you.
Throw: javelin
Press: ? - help, Q - select action, (/) - cycle Shift-Dir - straight line, f/p - black bear
Aim: a black bear (severely wounded, berserk, 65% to hit)
You throw a javelin.
The javelin pierces through the black bear but does no damage.
The black bear is severely wounded.
The black bear bites you. The black bear completely misses you.
The black bear barely misses you. The black bear bites you!
* * * LOW HITPOINT WARNING * * *
The black bear claws you.
* * * LOW HITPOINT WARNING * * *
The black bear barely misses you.
Okay, then.
Throw: throwing net
Press: ? - help, Q - select action, (/) - cycle Shift-Dir - straight line, f/p - black bear
Aim: a black bear (severely wounded, berserk, 65% to hit)
You throw a throwing net. The throwing net hits the black bear.
The black bear is caught in the net!
The black bear is severely wounded.
The black bear struggles against the net.
You hit the black bear.
The black bear is almost dead.
The black bear struggles against the net. x2
The net rips apart, and the black bear comes free!
You aren't carrying any items that you can evoke.
Unknown command.
You feel yourself speed up.
The black bear bites you but does no damage.
The black bear barely misses you. The black bear claws you.
* * * LOW HITPOINT WARNING * * *
The black bear barely misses you. x3
You climb upwards.
There is a stone staircase leading down here.
The black bear bites you!
* * * LOW HITPOINT WARNING * * *
The black bear claws you.
You die...
Your body glows slightly and disappears.

.# #.......##...#.# #........#.#
.####...........#####..###...#.#
..<....................#.#####.#
##....####.##...########.).###.##
.................# #....#.....
.#.....###.......######....###.##
.#.#.................##....###.#
...#.#.###.#.........##....P##.#
...#.#.#...##..#@....####...##.#
................h.......###††#.#
.#.#.#...####..#.............#.#
...#.#...# ##.#............†'.#
.....###.### #...#'##........#.#
...........###...#..+........###
##.####.....##...####........#
.#.# #.....##.....##........#
...# #.....##...#.#######'###


You could see a black bear (berserk).

Vanquished Creatures
  A gnoll (D:1)
  3 adders
  A worm (D:2)
  3 dart slugs
  An orc (D:3)
  6 ball pythons
  4 endoplasms
  4 giant cockroaches
  4 goblins
  8 hobgoblins
  3 jackals (D:1)
  3 kobolds
  3 quokkas
  7 bats
  8 frilled lizards
  5 rats
64 creatures vanquished.

Vanquished Creatures (others)
  9 plants (D:3)
9 creatures vanquished.

Grand Total: 73 creatures vanquished

Notes
Turn   | Place    | Note
-------+----------+-------------------------------------------
     0 | D:1      | GordonOverkill the Draconian Arcane Marksman began the
                  | quest for the Orb.
     0 | D:1      | Reached XP level 1. HP: 16/16 MP: 2/2
   288 | D:1      | Reached XP level 2. HP: 24/24 MP: 3/3
   853 | D:1      | Found a faded altar of an unknown god.
  1017 | D:1      | Prayed at the altar of an unknown god.
  1017 | D:1      | Became a worshipper of Nemelex Xobeh the Trickster
  1017 | D:1      | Reached * piety under Nemelex Xobeh
  1094 | D:1      | Reached XP level 3. HP: 20/30 MP: 4/4
  1481 | D:2      | Reached skill level 1 in Invocations
  1535 | D:2      | Received a gift from Nemelex Xobeh
  1975 | D:2      | Reached XP level 4. HP: 29/37 MP: 5/5
  2130 | D:2      | Reached ** piety under Nemelex Xobeh
  3651 | D:4      | Noticed a black bear
  3663 | D:3      | Slain by a black bear

Illustrated notes

Levels and vault maps discovered:
D:1:      dpeg_arrival_tiny_i, layout_basic,
          hellmonk_ecumenical_altar_arch_garden, item_on_display_a
D:2:      layout_basic, kennysheep_boxes
D:3:      layout_basic, minmay_lizard_king
D:4:      layout_basic, serial_park_tiny_pond, serial_bayou_pond_c,
          cheibrodos_gnoll_hut

Skill      XL: |  1  2  3  4 |
---------------+-------------+-----
Throwing       | 2 3 |  3.1
Fighting       | 2 3 |  3.1
Invocations    | 1 |  1.9
Axes           | |  0.4
Dodging        | |  1.7
Spellcasting   | |  1.0
Hexes          | |  2.6

Action                   |  1- 3 |  4- 6 || total
-------------------------+-------+-------++-------
Melee: Unarmed           |    15 |       ||    15
       Tailslap          |    10 |     1 ||    11
       Dagger            |    35 |       ||    35
       Hand axe          |    67 |    84 ||   151
Throw: Javelin           |    30 |    13 ||    43
       Throwing net      |     1 |     2 ||     3
  Use: Scroll            |     3 |     5 ||     8
       Potion            |       |     1 ||     1
 Stab: Sleeping          |       |     1 ||     1
Armor: Skin              |    49 |    32 ||    81
Dodge: Dodged            |    91 |    88 ||   179

Table legend: (Time is in decaauts)
 A = Elapsed time spent in this place.
 B = Non-inter-level travel time spent in this place.
 C = Inter-level travel time spent in this place.
 D = Time resting spent in this place.
 E = Time spent auto-exploring this place.
 F = Levels seen in this place.
 G = Mean time per level.
                   A        B        C        D        E       F      G
               +--------+--------+--------+--------+--------+-----+--------+
         Total |   3727 |   3574 |    153 |   1169 |   1736 |   4 |  931.8 |
       Dungeon |   3727 |   3574 |    153 |   1169 |   1736 |   4 |  931.8 |
               +--------+--------+--------+--------+--------+-----+--------+

Top non-repeatable levels by time:
     D:1: 1470 daAuts
     D:3: 1384 daAuts
     D:2: 858 daAuts
     D:4: 13 daAuts
